 Dungeon Crawl Stone Soup version 0.21.0-24-g2553a33 (webtiles) character file.

7112 ryw the Basher (level 10, -2/69 HPs)
             Began as a Demonspawn Monk on Jan 22, 2018.
             Was an Elder of Hepliaklqana.
             Slain by a wyvern (7 damage)
             ... on level 2 of the Lair of Beasts.
             The game lasted 00:26:19 (9094 turns).

ryw the Basher (Demonspawn Monk)                    Turns: 9094, Time: 00:26:21

Health: -2/69      AC: 13    Str: 17    XL:     10   Next: 85%
Magic:  0/19       EV: 15    Int: 24    God:    Hepliaklqana [****..]
Gold:   389        SH:  0    Dex: 15    Spells: 14/21 levels left

rFire    . . .     SeeInvis +   d - +11 morningstar of Jefoc {vamp, Str+4 Int+7 Stlth-}
rCold    + . .     Gourm    .   (no shield)
rNeg     . . .     Faith    .   A - +3 leather armour of Intuition {rC+ Int+3 Slay+2 SInv}
rPois    +         Spirit   +   D - +2 hat
rElec    .         Reflect  .   g - +1 cloak
rCorr    .         Harm     .   (no gloves)
MR       .....                  (no boots)
Stlth    +.........             p - amulet of guardian spirit
HPRegen  0.21/turn              M - ring of wizardry
MPRegen  0.16/turn              r - ring of poison resistance

@: no status effects
A: reduced essence, talons 2, slimy green scales 2, spiny 1
a: Recall Ancestor, Ancestor Identity, Transference, Idealise, Renounce Religion


You were on level 2 of the Lair of Beasts.
You worshipped Hepliaklqana.
Hepliaklqana was greatly pleased with you.
You were not hungry.

You visited 3 branches of the dungeon, and saw 12 of its levels.

You collected 508 gold pieces.
You spent 119 gold pieces at shops.

Inventory:

Hand Weapons
 c - a +1 hand crossbow
 d - the +11 morningstar of Jefoc (weapon) {vamp, Str+4 Int+7 Stlth-}
   (You found it on level 6 of the Dungeon)

   It inflicts no extra harm, but heals its wielder when it wounds a living foe.
   It affects your strength (+4).
   It affects your intelligence (+7).
   It makes you less stealthy.
 C - the +7 Singing Sword
   (You found it on level 5 of the Dungeon)
Missiles
 e - 238 stones
 j - 8 tomahawks
 m - 4 steel javelins (quivered)
Armour
 g - a +1 cloak (worn)
 A - the +3 leather armour of Intuition (worn) {rC+ Int+3 Slay+2 SInv}
   (You bought it in a shop on level 4 of the Dungeon)

   It affects your intelligence (+3).
   It affects your accuracy and damage with ranged weapons and melee attacks
   (+2).
   It protects you from cold.
   It lets you see invisible.
 D - a +2 hat (worn)
Jewellery
 p - an amulet of guardian spirit (around neck)
 r - a ring of poison resistance (right hand)
 y - an uncursed ring of protection from magic
 K - an uncursed amulet of faith {unknown}
 M - a ring of wizardry (left hand)
 Q - an uncursed ring of flight
 S - an uncursed amulet of regeneration {unknown}
Wands
 s - a wand of disintegration (9)
 z - a wand of flame (72)
 F - a wand of clouds (5)
 G - a wand of digging (20)
 R - a wand of acid (9)
Scrolls
 h - 4 scrolls of remove curse
 t - 3 scrolls of teleportation
 v - a scroll of brand weapon {unknown}
 x - a scroll of fear
 B - 2 scrolls of fog {unknown}
 H - 2 scrolls of magic mapping
 J - a scroll of enchant armour
 L - a scroll of holy word {unknown}
 T - a scroll of identify
Potions
 a - 5 potions of heal wounds {unknown}
 f - 3 potions of agility
 i - 2 potions of magic {unknown}
 k - a potion of might {unknown}
 l - 5 potions of curing {unknown}
 o - 3 potions of haste {unknown}
 u - a potion of resistance {unknown}
 w - 2 potions of brilliance
 I - a potion of invisibility {unknown}
Books
 b - a book of Misfortune

   Spells                             Type                      Level
   a - Confusing Touch                Hexes                        1
   b - Confuse                        Hexes                        3
   c - Gell's Gravitas                Translocation                3
   d - Petrify                        Transmutation/Earth          4
   e - Metabolic Englaciation         Hexes/Ice                    5
   f - Yara's Violent Unravelling     Hexes/Transmutation          5
 n - a book of Battle

   Spells                             Type                      Level
   a - Infusion                       Charms                       1
   b - Shroud of Golubria             Charms/Translocation         2
   c - Song of Slaying                Charms                       2
   d - Spectral Weapon                Hexes/Charms                 3
   e - Regeneration                   Charms/Necromancy            3
 N - a book of Geomancy

   Spells                             Type                      Level
   a - Sandblast                      Earth                        1
   b - Passwall                       Transmutation/Earth          2
   c - Stone Arrow                    Conjuration/Earth            3
   d - Petrify                        Transmutation/Earth          4
   e - Lee's Rapid Deconstruction     Earth                        5
 O - a book of Power

   Spells                             Type                      Level
   a - Iskenderun's Battlesphere      Conjuration/Charms           5
   b - Venom Bolt                     Conjuration/Poison           5
   c - Bolt of Magma                  Conjuration/Fire/Earth       5
   d - Iron Shot                      Conjuration/Earth            6
   e - Orb of Destruction             Conjuration                  7
   f - Spellforged Servitor           Conjuration/Summoning        7
 P - Jonat's Reference Book on Dusty Transformation
   (You found it on level 1 of the Lair of Beasts)

   Spells                             Type                      Level
   a - Sandblast                      Earth                        1
   b - Yara's Violent Unravelling     Hexes/Transmutation          5
   c - Borgnjor's Vile Clutch         Necromancy/Earth             5
   d - Shatter                        Earth                        9
Comestibles
 q - 16 rations
 E - 4 chunks of flesh


   Skills:
 - Level 6.7 Fighting
 - Level 1.3 Long Blades
 * Level 9.0 Maces & Flails
 - Level 4.1 Throwing
 - Level 4.3 Armour
 - Level 6.1 Dodging
 - Level 1.7 Stealth
 - Level 2.6 Unarmed Combat
 - Level 6.1 Spellcasting
 + Level 3.3 Charms


You had 14 spell levels left.
You knew the following spells:

 Your Spells              Type           Power        Failure   Level  Hunger
a - Infusion              Chrm           ###.         1%          1    None
b - Spectral Weapon       Hex/Chrm       ###.....     6%          3    #......
c - Regeneration          Chrm/Necr      ###.......   6%          3    #......


Dungeon Overview and Level Annotations

Branches:
Dungeon (9/15)             Temple (1/1) D:4            Lair (1/6) D:9
    Orc: D:9-12

Altars:
Ashenzari
Cheibriados
Dithmenos
Elyvilon
Fedhas
Gozag
Hepliaklqana
Kikubaaqudgha
Nemelex Xobeh
Okawaru
Qazlal
Ru
Uskayaw
Vehumet
Wu Jian
Xom
The Shining One

Shops:
D:4 *   D:7 }!   D:9 *


Innate Abilities, Weirdness & Mutations

You have razor-sharp toenails.
You are mostly covered in slimy green scales. (AC +3)
You are partially covered in sharp spines.
Your life essence is reduced to manifest your ancestor. (-10% HP)


Message History

The eight-headed hydra bites you but does no damage. x4
The eight-headed hydra barely misses you. x2
The eight-headed hydra closely misses you.
The eight-headed hydra bites you but does no damage.
The wyvern is struck by your spines.
The wyvern bites you but does no damage.
Enheduana closely misses the wyvern.
The eight-headed hydra bites Enheduana but does no damage.
The eight-headed hydra bites Enheduana.
The eight-headed hydra bites Enheduana!
The eight-headed hydra bites Enheduana. x2
The eight-headed hydra barely misses Enheduana.
The eight-headed hydra bites Enheduana.
The eight-headed hydra bites Enheduana!
Enheduana is destroyed!
You closely miss the wyvern. Your kick misses the wyvern.
The wyvern is heavily wounded.
The wyvern bites you!
* * * LOW HITPOINT WARNING * * *
The wyvern hisses menacingly.
The wyvern is struck by your spines. The wyvern bites you!
You die...

.#### ...... .....
...... #..... ..(...
#.....? ......# .......
...(... ##P......
.....(P##.............
?......#..............
......D.l@.........)...
...##.#................#
# ##...............#
####..............##.
#.#..................
#..................
##...............#
#................#
#....#...........#


You could see an eight-headed hydra and a wyvern.

Vanquished Creatures
  3 death yaks
  Pikel (D:5)
  A basilisk (Lair:2)
  2 yaks (D:9)
  The ghost of mg7810 the Chopper, an amateur HOFi (D:4)
  Edmund (D:5)
  A water moccasin (Lair:2)
  Duvessa (D:6)
  4 orc warriors
  An ice beast (D:7)
  3 sky beasts
  A phantom (D:7)
  A slave (D:5)
  5 ogres
  3 wolves (Lair:2)
  2 centaurs
  A big kobold (D:8)
  4 bullfrogs
  A wyvern skeleton (D:7)
  A water moccasin zombie (D:8)
  4 scorpions
  3 howler monkeys (D:7)
  5 crimson imps
  2 hounds (D:4)
  5 orc wizards
  4 orc priests
  A centaur skeleton (D:8)
  2 iguanas
  3 worker ants
  A hound zombie (D:5)
  2 worker ant zombies (D:8)
  A howler monkey skeleton (D:5)
  11 adders
  A shadow imp (D:9)
  2 oozes
  An adder skeleton (D:8)
  4 worms
  3 dart slugs (D:1)
  2 leopard geckos
  23 orcs
  9 giant cockroaches
  4 goblins
  5 hobgoblins
  3 jackals (D:4)
  3 ball pythons
  18 bats
  6 frilled lizards
  A jackal skeleton (D:4)
  11 kobolds
  A leopard gecko skeleton (D:8)
  11 rats
190 creatures vanquished.

Vanquished Creatures (collateral kills)
  A water moccasin (D:5)
  2 slaves (D:5)
  An ogre (D:9)
  A centaur (D:6)
  Dowan (D:6)
  2 scorpions (D:5)
  A crimson imp (D:5)
  A bullfrog skeleton (D:5)
  An orc wizard (D:5)
  An iguana (D:8)
  An adder (D:5)
  2 orcs
  A quokka (D:4)
  A bat (D:5)
17 creatures vanquished.

Vanquished Creatures (others)
  3 hexers
  A fungus (D:5)
4 creatures vanquished.

Grand Total: 211 creatures vanquished

Notes
Turn   | Place    | Note
-------+----------+-------------------------------------------
     0 | D:1      | ryw the Demonspawn Monk began the quest for the Orb.
     0 | D:1      | Reached XP level 1. HP: 18/18 MP: 1/1
   484 | D:1      | Gained mutation: You are partially covered in slimy green scales. (AC +2) [demonic ancestry]
   484 | D:1      | Reached XP level 2. HP: 24/24 MP: 2/2
  1237 | D:2      | Reached XP level 3. HP: 29/29 MP: 3/3
  2403 | D:2      | Reached XP level 4. HP: 26/37 MP: 4/4
  2672 | D:2      | Found a snail-covered altar of Cheibriados.
  3308 | D:3      | Found a shattered altar of Ashenzari.
  3665 | D:3      | Reached XP level 5. HP: 43/43 MP: 5/5
  3743 | D:4      | Found a staircase to the Ecumenical Temple.
  3757 | D:4      | Reached skill level 1 in Throwing
  3786 | Temple   | Entered the Ecumenical Temple
  3833 | Temple   | Became a worshipper of Hepliaklqana the Forgotten
  3833 | Temple   | Reached * piety under Hepliaklqana
  3833 | Temple   | Reached ** piety under Hepliaklqana
  3834 | Temple   | Remembered your ancestor Enheduana as a hexer
  3938 | D:4      | Noticed mg7810's ghost (amateur HOFi)
  4341 | D:4      | Found an ornate altar of the Wu Jian Council.
  4462 | D:4      | Found a radiant altar of Vehumet.
  4509 | D:4      | Killed mg7810's ghost
  4509 | D:4      | Reached skill level 5 in Fighting
  4509 | D:4      | Gained mutation: You are partially covered in sharp spines. [demonic ancestry]
  4509 | D:4      | Reached XP level 6. HP: 26/45 MP: 1/6
  4651 | D:4      | Found a shimmering altar of Xom.
  4655 | D:4      | Found a shimmering altar of Xom.
  4661 | D:4      | Found a shimmering altar of Xom.
  4661 | D:4      | Found a shimmering altar of Xom.
  4661 | D:4      | Found a shimmering altar of Xom.
  4665 | D:4      | Found a shimmering altar of Xom.
  4665 | D:4      | Found a shimmering altar of Xom.
  4742 | D:4      | Found Wuqycut's Assorted Antiques.
  4755 | D:4      | Bought an ichor-stained leather armour for 119 gold pieces
  4765 | D:4      | Identified the +3 leather armour of Intuition {rC+ Int+3 Slay+2 SInv} (You bought it in a shop on level 4 of the Dungeon)
  4913 | D:5      | Entered Level 5 of the Dungeon
  4973 | D:5      | Reached skill level 5 in Dodging
  4973 | D:5      | Gained mutation: You have sharp toenails. [demonic ancestry]
  4973 | D:5      | Reached XP level 7. HP: 43/50 MP: 7/7
  5166 | D:5      | Noticed Edmund
  5190 | D:5      | Killed Edmund
  5198 | D:5      | Gained mutation: You have razor-sharp toenails. [demonic ancestry]
  5198 | D:5      | Reached XP level 8. HP: 55/58 MP: 8/8
  5219 | D:5      | Found the +7 Singing Sword
  5332 | D:5      | Found a glowing golden altar of the Shining One.
  5893 | D:6      | Reached skill level 1 in Long Blades
  5893 | D:6      | Reached skill level 1 in Armour
  5893 | D:6      | Reached skill level 1 in Spellcasting
  5941 | D:6      | Got a slimy morningstar
  5957 | D:6      | Reached *** piety under Hepliaklqana
  5982 | D:6      | Identified the +11 morningstar of Jefoc {vamp, Str+4 Int+7 Stlth-} (You found it on level 6 of the Dungeon)
  6128 | D:6      | Found a stormy altar of Qazlal.
  6147 | D:6      | Noticed Dowan
  6148 | D:6      | Noticed Duvessa
  6154 | D:6      | Killed Duvessa
  6154 | D:6      | Reached skill level 1 in Maces & Flails
  6156 | D:6      | Killed Dowan
  6375 | D:6      | Noticed Pikel
  6504 | D:5      | Killed Pikel
  6504 | D:5      | Reached skill level 2 in Maces & Flails
  6504 | D:5      | Gained mutation: You are mostly covered in slimy green scales. (AC +3) [demonic ancestry]
  6504 | D:5      | Reached XP level 9. HP: 31/63 MP: 6/14
  6749 | D:7      | Reached skill level 3 in Maces & Flails
  6986 | D:7      | Reached skill level 4 in Maces & Flails
  7074 | D:7      | Learned a level 3 spell: Regeneration
  7078 | D:7      | Learned a level 3 spell: Spectral Weapon
  7080 | D:7      | Learned a level 1 spell: Infusion
  7101 | D:7      | Found Senax Wes's Gadget Emporium.
  7109 | D:7      | Got a creamy pearl robe
  7120 | D:7      | Found Irie's Distillery.
  7334 | D:7      | Reached **** piety under Hepliaklqana
  7517 | D:8      | Reached skill level 5 in Maces & Flails
  7626 | D:8      | Reached skill level 5 in Spellcasting
  7750 | D:8      | Reached skill level 6 in Maces & Flails
  7801 | D:8      | Reached XP level 10. HP: 69/69 MP: 18/18
  8158 | D:9      | Found a glowing golden altar of the Shining One.
  8171 | D:9      | Found Adajimp's General Store.
  8193 | D:9      | Identified the +2 robe of Pitosh {rPois Regen+ Str-5 SInv} (You found it on level 7 of the Dungeon)
  8238 | D:9      | Noticed a death yak
  8238 | D:9      | Noticed a death yak
  8240 | D:9      | Found a staircase to the Lair.
  8480 | D:8      | Killed a death yak
  8480 | D:8      | Reached skill level 7 in Maces & Flails
  8612 | D:9      | Killed a death yak
  8612 | D:9      | Reached skill level 1 in Charms
  8735 | D:9      | Noticed a death yak
  8751 | D:9      | Killed a death yak
  8751 | D:9      | Reached skill level 8 in Maces & Flails
  8822 | Lair:1   | Entered Level 1 of the Lair of Beasts
  8838 | Lair:1   | Identified Jonat's Reference Book on Dusty Transformation
  8863 | Lair:1   | You fall through a shaft!
  9004 | Lair:2   | Reached skill level 9 in Maces & Flails
  9084 | Lair:2   | Noticed an eight-headed hydra
  9094 | Lair:2   | Slain by a wyvern

Skill      XL: |  1  2  3  4  5  6  7  8  9 10 |
---------------+-------------------------------+-----
Dodging        | 3 4 5 6 |  6.1
Fighting       | 4 5 6 |  6.7
Throwing       | 2 4 |  4.1
Long Blades    | 1 |  1.3
Armour         | 3 4 |  4.3
Spellcasting   | 3 5 6 |  6.1
Maces & Flails | 2 6 9 |  9.0
Charms         | 3 |  3.3
Stealth        | |  1.7
Unarmed Combat | |  2.6

Action                   |  1- 3 |  4- 6 |  7- 9 | 10-12 || total
-------------------------+-------+-------+-------+-------++-------
Melee: Unarmed           |   187 |       |       |       ||   187
       Flail             |     8 |   161 |    39 |       ||   208
       Kick              |       |       |    38 |    20 ||    58
       Double sword      |       |       |    21 |       ||    21
       Morningstar       |       |       |    82 |    68 ||   150
       Punch             |       |       |     1 |     1 ||     2
Throw: Stone             |    26 |       |       |       ||    26
       Javelin           |       |     3 |     2 |     3 ||     8
 Cast: Spectral Weapon   |       |       |     1 |       ||     1
       Infusion          |       |       |       |     1 ||     1
Invok: Recall Ancestor   |       |     1 |     2 |     3 ||     6
       Ancestor Life: He |       |     1 |       |       ||     1
  Use: Potion            |     1 |       |       |       ||     1
       Scroll            |       |     7 |     7 |       ||    14
 Stab: Sleeping          |     4 |     2 |     3 |       ||     9
       Distracted        |       |     1 |       |     1 ||     2
       Held in net/web   |       |       |     2 |       ||     2
       Confused          |       |       |     1 |       ||     1
  Eat: Chunk             |     1 |     9 |     7 |     4 ||    21
       Ration            |     1 |       |     2 |       ||     3
Armor: Robe              |    53 |       |       |       ||    53
       Ice dragon scales |       |   102 |       |       ||   102
       Ring mail         |       |     6 |       |       ||     6
       Leather armour    |       |     8 |    50 |    44 ||   102
Dodge: Dodged            |   138 |    95 |   142 |    57 ||   432
       Rpst.: Double sword |       |       |     7 |       ||     7
